 Dungeon Crawl Stone Soup version 0.30-a0-793-g160f7cfddd (webtiles) character file.

Game seed: 11329950405574996070

220025 tkbsonic5 the Warrior (level 19, -3/222 HPs)
             Began as a Djinni Summoner on Jan 30, 2023.
             Was the Champion of Makhleb.
             Slain by Mennas
             ... wielding a +5 trishula of holy wrath
              (11 damage)
             ... on level 2 of the Vaults on Feb 19, 2023.
             The game lasted 04:02:02 (33955 turns).

tkbsonic5 the Warrior (Djinni Summoner)            Turns: 33955, Time: 04:02:03

Health: -3/222     AC: 10    Str:  7    XL:     19   Next: 92%
Gold:   572        EV: 29    Int: 30    God:    Makhleb [******] SH:  0 Dex: 18

rFire   + + .      SeeInvis +    t - +8 consecrated labrys {holy, Valiant Fragile Fly SInv}
rCold   x . .      Faith    .    (no shield)
rNeg    . . .      Spirit   .    g - +1 troll leather armour
rPois   ∞          Reflect  .    (no helmet)
rElec   .          Harm     .    y - +1 cloak of Starlight {*Dazzle EV+4 Stlth--}
rCorr   .          Rampage  .    q - +2 pair of gloves {Dex+3}
Will    +....                    (boots unavailable) Stlth
                                 v - amulet of regeneration
HPRegen 2.17/turn                T - +5 ring of evasion
MPRegen 0.00/turn                D - +6 ring of intelligence

@: confused, mighty, berserking (expiring), forested, flying, very slightly
contaminated, hasted, glowing, invisible (but backlit and visible), very quick
A: sickness immunity, fire resistance 2, cold vulnerability 1, float, innate
caster, HP casting, extra vitality 1
}: 1/15 runes: serpentine
a: Renounce Religion, Minor Destruction, Lesser Servant of Makhleb, Major
Destruction, Greater Servant of Makhleb


You were on level 2 of the Vaults.
You worshipped Makhleb.
Makhleb was exalted by your worship.
You visited 6 branches of the dungeon, and saw 29 of its levels.

You collected 3069 gold pieces.
You spent 2497 gold pieces at shops.

Inventory:

Hand Weapons
 t - the +8 consecrated labrys (weapon) {holy, Valiant Fragile Fly SInv}
   (You bought it in a shop on level 2 of the Orcish Mines)

   Valiant:   It becomes more powerful as more dangerous foes come into view.
   SInv:      It lets you see invisible.
   Fly:       It grants you flight.
   Fragile:   It will be destroyed if unequipped.
 G - a +1 trident of venom
 M - a +4 scimitar of flaming
 V - the +5 lajatang of Wounding {freeze, Int+4 Stlth+}
   (You found it on level 5 of the Lair of Beasts)

   Int:       It affects your intelligence (+4).
   Stlth:     It makes you more stealthy.
Missiles
 j - a throwing net
 z - 28 poisoned darts
 A - 18 boomerangs
 O - 7 curare-tipped darts
 U - 8 javelins
Armour
 c - the +6 chain mail of the Furies {Str+3}
   (You found it on level 1 of the Lair of Beasts)

   Str:       It affects your strength (+3).
 g - a +1 troll leather armour (worn)
 q - a +2 pair of gloves of dexterity (worn)
 w - a +0 troll leather armour
 y - the +1 cloak of Starlight (worn) {*Dazzle EV+4 Stlth--}
   (You found it on level 1 of the Lair of Beasts)

   *Dazzle:   It may blind those who miss an attack against the wearer in melee
   combat.
   EV:        It affects your evasion (+4).
   Stlth:     It makes you much less stealthy.
 I - a +2 robe of fire resistance
 Q - +1 steam dragon scales
 S - the +1 leather armour of the Endless Xalams {rN++ rCorr Str+5}
   (You found it on level 1 of the Lair of Beasts)

   Str:       It affects your strength (+5).
   rN:        It greatly protects you from negative energy.
   rCorr:     It protects you from acid and corrosion.
 W - the +3 acid dragon scales of the Furrier {rElec Will+ rCorr}
   (You found it on level 5 of the Lair of Beasts)

   rElec:     It insulates you from electricity.
   rCorr:     It protects you from acid and corrosion.
   Will:      It increases your willpower.
Magical Staves
 a - a staff of air
 J - a staff of earth
Jewellery
 e - an amulet of the acrobat
 r - an amulet of reflection
 s - a ring of protection from fire
 v - an amulet of regeneration (around neck)
 D - a +6 ring of intelligence (right hand)
 H - the ring "Ynarphiku" {MP+9 SInv}
   (You found it on level 14 of the Dungeon)

   [ring of see invisible]

   MP:        It affects your magic capacity (+9).
   SInv:      It lets you see invisible.
 K - a ring of fire
 N - a ring of protection from fire
 P - a ring of fire
 T - a +5 ring of evasion (left hand)
 Z - a ring of positive energy
Wands
 u - a wand of digging (5)
 E - a wand of charming (3)
 F - a wand of roots (2)
 Y - a wand of quicksilver (10)
Scrolls
 h - a scroll of fear
 m - 8 scrolls of teleportation
 o - a scroll of magic mapping
 L - 4 scrolls of silence
Potions
 b - a potion of cancellation
 f - 6 potions of curing
 i - 3 potions of ambrosia
 k - 3 potions of heal wounds
 l - a potion of resistance
 n - 3 potions of might
 x - a potion of lignification
 C - 2 potions of berserk rage
 X - 2 potions of brilliance
Miscellaneous
 d - a condenser vane
 R - a phial of floods


   Skills:
 * Level 17.3 Fighting
 - Level 7.0 Long Blades
 - Level 6.8(7.9) Axes
 - Level 6.0(8.4) Polearms
 - Level 6.3(7.7) Staves
 - Level 2.4 Throwing
 - Level 0.5 Armour
 + Level 15.1 Dodging
 - Level 1.5 Stealth
 * Level 14.1 Spellcasting
 + Level 13.3 Invocations
 - Level 3.2 Evocations


You knew the following spells:

 Your Spells              Type           Power      Damage    Failure   Level
a - Summon Small Mammal   Summ           100%       N/A       0%          1
b - Call Imp              Summ           81%        N/A       0%          2
c - Call Canine Familiar  Summ           81%        N/A       1%          3
d - Summon Guardian Gole  Hex/Summ       81%        N/A       1%          3
e - Summon Lightning Spi  Summ/Air       81%        N/A       1%          4
f - Shock                 Conj/Air       100%       1d9       0%          1
g - Momentum Strike       Conj/Tloc      100%       3d10      0%          2
h - Teleport Other        Tloc           81%        N/A       1%          3
i - Leda's Liquefaction   Hex/Erth       40%        N/A       1%          4
j - Airstrike             Air            40%        2d(6-22)  1%          4
k - Summon Forest         Summ/Tloc      40%        N/A       1%          5
l - Iron Shot             Conj/Erth      40%        9d8       1%          6
m - Orb of Destruction    Conj           40%        9d11      9%          7
n - Haunt                 Necr/Summ      40%        N/A       9%          7
Your spell library was empty.

Dungeon Overview and Level Annotations

Branches:
Dungeon (15/15)            Temple (1/1) D:6            Lair (5/5) D:11
 Shoals (0/4) Lair:3        Snake (4/4) Lair:2        Slime (0/5) Lair:4
    Orc (2/2) D:11            Elf (0/3) Orc:2        Vaults (2/5) D:14
 Depths (0/4) D:15
  Crypt: Vaults:2-3

Altars:
Ashenzari
Cheibriados
Dithmenos
Elyvilon
Fedhas
Gozag
Hepliaklqana
Makhleb
Nemelex Xobeh
Okawaru
Qazlal
Ru
Trog
Uskayaw
Wu Jian
Xom
Yredelemnul
Zin
The Shining One

Shops:
D:13 :   Orc:2 =**(   Snake:2 *?[*   Snake:4 =

Annotations:
D:5 1 runed translucent door, Crazy Yiuf
D:14 3 runed translucent doors, arthad's ghost, journeyman FeSu
Lair:3 2 transporters
Snake:1 2 transporters, Beavis's ghost, adept DsFE
Vaults:2 Mennas


Innate Abilities, Weirdness & Mutations

You are immune to sickness and miasma.
You are immune to poison.
Your flesh is very heat resistant. (rF++)
You are vulnerable to cold. (rC-)
You float through the air rather than walking.
You learn spells naturally, not from books.
Your magical power is your life essence.
You have superior vitality. (+4 MHP)


Message History

Mennas is severely wounded.
Mennas hits you with a +5 trishula of holy wrath!!
Mennas hits you with a +5 trishula of holy wrath!
Mennas blocks your attack.
Mennas is severely wounded.
Mennas is caught in a moment of prayer.
Mennas completely misses you.
Mennas hits you with a +5 trishula of holy wrath!
You closely miss Mennas.
Mennas is severely wounded.
Mennas hits you with a +5 trishula of holy wrath!
* * * LOW HITPOINT WARNING * * *
Mennas completely misses you.
You are too berserk!
Mennas blocks your attack.
Mennas is severely wounded.
Mennas becomes audible again.
Mennas gestures frantically.
You are confused.
Mennas hits you with a +5 trishula of holy wrath!!
* * * LOW HITPOINT WARNING * * *
Mennas misses you.
You completely miss Mennas.
Mennas is severely wounded.
Mennas hits you with a +5 trishula of holy wrath!!
* * * LOW HITPOINT WARNING * * *
Mennas misses you.
You're too confused to move!
Mennas completely misses you.
Mennas hits you with a +5 trishula of holy wrath!!
* * * LOW HITPOINT WARNING * * *
Mennas blocks your attack.
Mennas is severely wounded.
Mennas completely misses you. Mennas closely misses you.
You completely miss Mennas.
Mennas is severely wounded.
Mennas gestures frantically.
Mennas is healed somewhat.
Mennas attacks as you move away! Mennas completely misses you.
Mennas hits you with a +5 trishula of holy wrath!
You die...

♣♣♣#♣♣♣♣♣#♣♣♣♣####♣
#.......♣.....~:~..
#..♣.♣..#.....~)~~♣
♣♣......#..♣...~~~.
♣.......♣♣......~..
♣.......♣...♣......
♣♣@A....#.♣........
♣...)...'..........
###############'♣♣#♣♣♣♣#♣♣♣###♣♣#
.......#..........#
.......#..........#
.......#..........♣
.......#..........#######
.......#..........'.....#
.......#.......♣..##...##


You could see Mennas.

Vanquished Creatures
  A dread lich (Vaults:2)
  Vashnia (Snake:3)
  Kirke (Snake:3)
  3 nagarajas
  2 vault wardens (Vaults:2)
  2 ironbound preservers (Vaults:2)
  2 ironbound thunderhulks (Vaults:1)
  A crystal guardian (Vaults:1)
  An ettin (Orc:2)
  2 yaktaur captains
  An entropy weaver (Vaults:1)
  A hydra (Lair:5)
  2 vault guards (Vaults:2)
  2 salamander tyrants
  3 ogre magi
  9 centaur warriors
  A catoblepas (Lair:5)
  4 boulder beetles
  2 ironbound frosthearts
  A death yak (Lair:4)
  6 anacondas
  7 two-headed ogres
  8 naga warriors
  A tengu warrior (D:14)
  12 naga sharpshooters
  Nergalle (Lair:1)
  7 shock serpents
  Sonja (D:11)
  4 salamander mystics
  5 deep trolls
  2 sea snakes (Snake:4)
  8 naga ritualists
  An orange crystal statue (D:15)
  4 orc knights
  3 ironbound convokers (Vaults:2)
  A tengu zombie (Vaults:1)
  7 lindwurms
  A necromancer (Vaults:1)
  3 mana vipers
  A wolf spider (D:14)
  5 harpies (Vaults:1)
  2 manticores
  2 orc sorcerers (Orc:2)
  20 salamanders
  A stone giant zombie (Vaults:1)
  4 cyclopes
  22 black mambas
  3 elephants (Lair:5)
  A vault sentinel (Vaults:2)
  13 naga magi
  4 guardian serpents
  2 yaktaurs
  A rime drake (Lair:5)
  3 komodo dragons
  An efreet (D:14)
  A tengu conjurer (D:14)
  2 freezing wraiths (D:14)
  2 trolls (shapeshifter)
  7 trolls
  Grinder (D:3)
  A hornet (D:14)
  A blink frog (Lair:1)
  A raiju (shapeshifter) (D:14)
  A dream sheep (Lair:5)
  A jumping spider (Vaults:2)
  7 slime creatures
  A shadow (D:11)
  A hog (Snake:3)
  2 wraiths
  9 yaks
  6 wyverns
  3 basilisks
  A steam dragon (D:10)
  An elf skeleton (Vaults:1)
  31 nagas
  A warg (Orc:2)
  8 water moccasins
  An acid dragon (D:10)
  A human skeleton (Vaults:1)
  A swamp drake (D:11)
  A sky beast (D:8)
  2 human zombies (Vaults:1)
  10 orc warriors
  2 wolves (Lair:5)
  10 ogres (Orc:2)
  6 centaurs
  2 kobold brigands (D:9)
  4 bullfrogs
  A gnoll sergeant (D:10)
  A wight (D:8)
  3 scorpions
  8 killer bees
  A howler monkey (D:10)
  3 electric eels
  A lava snake (Snake:4)
  2 hounds (D:5)
  2 jellies
  A gnoll bouda (D:7)
  8 orc priests
  A hell rat (Lair:1)
  12 orc wizards
  An iguana (D:5)
  5 gnolls
  3 river rats (Lair:1)
  13 white imps
  2 dart slugs (D:4)
  33 orcs
  A bat (D:2)
  7 kobolds
  A ball python (D:3)
  A frilled lizard (D:3)
  5 goblins
  5 rats
  2 snaplasher vines
461 creatures vanquished.

Vanquished Creatures (collateral kills)
  Saint Roka (Snake:3)
  2 sphinxes
  4 nagarajas (Snake:4)
  An ironbound preserver (Vaults:2)
  A stone giant (D:15)
  2 ironbound thunderhulks (Vaults:2)
  A great orb of eyes (Vaults:1)
  An entropy weaver (Vaults:2)
  2 hydras
  A yaktaur captain (D:14)
  A salamander tyrant (Snake:4)
  5 two-headed ogres
  A centaur warrior (D:13)
  An ironbound frostheart (Vaults:2)
  5 anacondas
  3 boulder beetles (D:14)
  A boulder beetle (shapeshifter) (D:14)
  4 naga warriors
  5 death yaks (Lair:4)
  8 naga sharpshooters
  3 tengu warriors
  2 shock serpents
  A fire crab (shapeshifter) (D:14)
  4 sea snakes (Snake:4)
  3 salamander mystics
  4 naga ritualists (Snake:4)
  A wizard (Vaults:2)
  4 deep trolls (Vaults:2)
  A necromancer (Vaults:1)
  5 ironbound convokers
  A tengu skeleton (Vaults:1)
  A deep elf pyromancer (D:15)
  A wolf spider (D:14)
  An orc sorcerer (Orc:2)
  A manticore (Lair:5)
  6 salamanders
  2 ugly things (D:12)
  4 mana vipers
  A guardian serpent (Snake:4)
  5 cyclopes
  9 elephants
  16 black mambas
  3 torpor snails (Lair:5)
  3 vault sentinels (Vaults:2)
  7 cane toads
  6 naga magi
  Maggie (D:8)
  A rime drake (Lair:2)
  3 yaktaurs
  Psyche (D:8)
  2 efreet
  3 komodo dragons
  A freezing wraith (D:14)
  A polar bear (Lair:2)
  2 trolls
  A hornet (Lair:4)
  8 dream sheep (Lair:5)
  16 slime creatures
  A blink frog (Lair:5)
  A centaur simulacrum (D:14)
  5 wyverns
  3 hogs (Snake:3)
  A wraith (D:12)
  31 yaks
  3 basilisks
  An elf skeleton (Vaults:1)
  3 redbacks (Vaults:1)
  5 nagas
  A steam dragon (D:11)
  2 wargs
  An acid dragon (D:11)
  10 water moccasins
  12 orc warriors
  9 ogres
  5 wolves (Lair:5)
  An orc skeleton (Vaults:1)
  A centaur (D:11)
  2 kobold brigands
  Blork the orc (D:5)
  2 bullfrogs
  3 scorpions
  9 wights
  12 killer bees
  4 electric eels (D:12)
  3 howler monkeys (D:10)
  4 jellies
  10 orc priests
  An iguana (D:6)
  A hell rat (Lair:1)
  11 orc wizards
  4 adders
  2 gnolls (D:10)
  3 river rats (Lair:1)
  A shadow imp (D:7)
  A white imp (Orc:2)
  47 orcs
  A bat (D:2)
  5 endoplasms
  3 giant cockroaches
  4 goblins
  5 hobgoblins
  4 quokkas
  2 ball pythons (D:2)
  A frilled lizard (D:1)
  20 kobolds
  5 rats
  A bush (Lair:4)
  A butterfly (Lair:5)
454 creatures vanquished.

Vanquished Creatures (others)
  A nagaraja (Snake:4)
  A fire dragon (D:14)
  A peacekeeper (Vaults:1)
  2 anacondas
  A boulder beetle (D:15)
  A hydra (D:14)
  Erica (D:11)
  2 two-headed ogres
  2 death yaks (Lair:4)
  A tengu warrior (D:15)
  A shock serpent (Snake:1)
  2 naga sharpshooters (Snake:4)
  A sea snake (Snake:4)
  2 lindwurms (Lair:5)
  A manticore (Lair:5)
  A cyclops (D:15)
  2 elephants (Lair:2)
  A naga mage (Snake:4)
  3 black mambas
  A rime drake (Lair:5)
  2 trolls
  A human simulacrum (Vaults:1)
  16 yaks
  A basilisk (D:14)
  3 nagas
  A water moccasin (Lair:2)
  An ogre (Orc:2)
  A nameless horror (D:8)
  A bullfrog (Lair:2)
  An orc wizard (Orc:2)
  33 fungi
  54 plants
  17 snaplasher vines
160 creatures vanquished.

Grand Total: 1075 creatures vanquished

Notes
Turn   | Place    | Note
-------+----------+-------------------------------------------
     0 | D:1      | tkbsonic5 the Djinni Summoner began the quest for the Orb.
     0 | D:1      | tkbsonic5 set off with the following spells memorised:
                  | Summon Small Mammal, Call Imp, Call Canine Familiar, Summon
                  | Guardian Golem, Summon Lightning Spire.
     0 | D:1      | Reached XP level 1. HP: 15/15 MP: 0/0
   141 | D:1      | Reached XP level 2. HP: 21/22 MP: 0/0
   239 | D:1      | Reached skill level 1 in Fighting
   653 | D:1      | Reached XP level 3. HP: 26/27 MP: 0/0
   653 | D:1      | Learned a level 1 spell: Shock
  1054 | D:2      | Upgraded the game from 0.30-a0-726-gd89dcf765f to
                  | 0.30-a0-728-gc68057be0a
  1222 | D:2      | Found a shimmering altar of Xom.
  2143 | D:2      | Reached skill level 2 in Fighting
  2143 | D:2      | Reached XP level 4. HP: 32/33 MP: 0/0
  2377 | D:3      | Noticed a scorpion
  2388 | D:3      | Killed a scorpion
  2389 | D:3      | Reached XP level 5. HP: 35/40 MP: 0/0
  2389 | D:3      | Learned a level 2 spell: Momentum Strike
  2430 | D:3      | Noticed Grinder
  2457 | D:3      | Reached skill level 3 in Fighting
  2569 | D:3      | Killed Grinder
  2570 | D:3      | Reached skill level 4 in Fighting
  2570 | D:3      | Reached XP level 6. HP: 36/47 MP: 0/0
  3359 | D:4      | Reached XP level 7. HP: 43/53 MP: 0/0
  3359 | D:4      | Learned a level 3 spell: Teleport Other
  3365 | D:4      | Reached skill level 5 in Spellcasting
  3854 | D:4      | Reached skill level 5 in Fighting
  4165 | D:5      | Entered Level 5 of the Dungeon
  4270 | D:5      | Reached XP level 8. HP: 54/60 MP: 0/0
  4347 | D:5      | Noticed Blork the orc
  4357 | D:5      | Killed Blork the orc
  4514 | D:5      | Reached skill level 6 in Fighting
  5256 | D:5      | Found a runed translucent door.
  5258 | D:5      | Noticed Crazy Yiuf
  5508 | D:6      | Reached skill level 7 in Fighting
  5520 | D:6      | Reached XP level 9. HP: 29/68 MP: 0/0
  5520 | D:6      | Learned a level 4 spell: Leda's Liquefaction
  5768 | D:6      | Found a staircase to the Ecumenical Temple.
  6497 | Temple   | Entered the Ecumenical Temple
  6530 | Temple   | Became a worshipper of Makhleb the Destroyer
  6610 | D:7      | Found a shimmering altar of Xom.
  6611 | D:7      | Found a sacrificial altar of Ru.
  6855 | D:7      | Reached skill level 1 in Invocations
  7400 | D:8      | Reached skill level 1 in Polearms
  7407 | D:8      | Reached skill level 1 in Evocations
  7602 | D:8      | Reached * piety under Makhleb
  7683 | D:8      | Reached skill level 1 in Throwing
  7928 | D:8      | Reached skill level 8 in Fighting
  7975 | D:8      | Found an iron altar of Okawaru.
  8064 | D:8      | Noticed Psyche
  8074 | D:8      | Killed Psyche
  8075 | D:8      | Reached XP level 10. HP: 65/76 MP: 0/0
  8409 | D:8      | Noticed Maggie
  8418 | D:8      | Killed Maggie
  8949 | D:9      | Noticed a manticore
  8959 | D:9      | Killed a manticore
  9210 | D:9      | Reached ** piety under Makhleb
  9755 | D:9      | Upgraded the game from 0.30-a0-728-gc68057be0a to
                  | 0.30-a0-739-gea05faddec
  9782 | D:10     | Entered Level 10 of the Dungeon
  9808 | D:10     | Reached skill level 9 in Fighting
  9808 | D:10     | Reached XP level 11. HP: 66/84 MP: 0/0
  9808 | D:10     | Learned a level 4 spell: Airstrike
  9968 | D:10     | Reached skill level 5 in Dodging
 10159 | D:10     | Reached skill level 5 in Invocations
 10683 | D:11     | Noticed Sonja
 10687 | D:11     | Killed Sonja
 10744 | D:11     | Reached *** piety under Makhleb
 10906 | D:11     | Found a staircase to the Orcish Mines.
 11084 | D:11     | Noticed Erica
 11085 | D:11     | Noticed a two-headed ogre
 11099 | D:11     | Killed Erica
 11125 | D:11     | Killed a two-headed ogre
 11428 | D:11     | Reached skill level 5 in Polearms
 11728 | D:11     | Found a staircase to the Lair.
 11987 | Lair:1   | Entered Level 1 of the Lair of Beasts
 12046 | Lair:1   | Reached skill level 1 in Long Blades
 12067 | Lair:1   | Reached skill level 10 in Fighting
 12067 | Lair:1   | Reached XP level 12. HP: 68/91 MP: 0/0
 12150 | Lair:1   | Noticed Nergalle
 12156 | Lair:1   | Killed Nergalle
 12304 | Lair:1   | Found the +1 cloak of Starlight {*Dazzle EV+4 Stlth--}
 12517 | Lair:1   | Identified the +6 chain mail of the Furies {Str+3}
 12795 | Lair:1   | Reached **** piety under Makhleb
 13045 | Lair:1   | Identified the +1 leather armour of the Endless Xalams
                  | {rN++ rCorr Str+5}
 13386 | Lair:2   | Found a staircase to the Snake Pit.
 14047 | Lair:2   | Noticed a boulder beetle
 14070 | Lair:2   | Killed a boulder beetle
 14411 | Lair:3   | Reached skill level 11 in Fighting
 14413 | Lair:3   | Reached XP level 13. HP: 33/99 MP: 0/0
 14413 | Lair:3   | Learned a level 5 spell: Summon Forest
 14422 | Lair:3   | Noticed a seven-headed hydra
 14424 | Lair:3   | Killed a seven-headed hydra
 14599 | Lair:3   | Found a staircase to the Shoals.
 14963 | Lair:3   | Found a transporter.
 15116 | Lair:3   | Found a transporter.
 15844 | Lair:4   | Reached skill level 5 in Long Blades
 16247 | Lair:4   | Found a staircase to the Slime Pits.
 16412 | Lair:4   | Reached skill level 12 in Fighting
 16412 | Lair:4   | Reached skill level 10 in Spellcasting
 16975 | Lair:5   | Entered Level 5 of the Lair of Beasts
 16980 | Lair:5   | Noticed an eight-headed hydra
 17015 | Lair:5   | Killed an eight-headed hydra
 17048 | Lair:5   | Reached XP level 14. HP: 72/107 MP: 0/0
 18400 | Lair:5   | Reached ***** piety under Makhleb
 18524 | Lair:5   | Reached skill level 10 in Dodging
 18576 | Lair:5   | Identified the +5 lajatang of Wounding {freeze, Int+4
                  | Stlth+}
 18579 | Lair:5   | Identified the +3 acid dragon scales of the Furrier {rElec
                  | Will+ rCorr}
 18997 | Orc:1    | Entered Level 1 of the Orcish Mines
 19225 | D:12     | Reached skill level 1 in Staves
 19783 | D:12     | Reached skill level 13 in Fighting
 20166 | D:13     | Upgraded the game from 0.30-a0-739-gea05faddec to
                  | 0.30-a0-760-g5a9884bb7c
 20178 | D:13     | Reached XP level 15. HP: 96/114 MP: 0/0
 20178 | D:13     | Learned a level 6 spell: Iron Shot
 20259 | D:13     | Found Efevirome's Book Emporium.
 21317 | D:14     | Found a runed translucent gate.
 21318 | D:14     | Identified the ring "Ynarphiku" {MP+9 SInv}
 21415 | D:14     | Found a runed translucent gate.
 21415 | D:14     | Found a runed translucent gate.
 21415 | D:14     | Noticed arthad's ghost (journeyman FeSu)
 21962 | D:14     | Found a gate to the Vaults.
 23119 | D:15     | Entered Level 15 of the Dungeon
 23734 | D:15     | Noticed a stone giant
 23737 | D:15     | Killed a stone giant
 23742 | D:15     | Reached skill level 10 in Invocations
 23808 | D:15     | Found a staircase to the Depths.
 24530 | Orc:1    | Reached XP level 16. HP: 91/122 MP: 0/0
 24537 | Orc:1    | Reached skill level 5 in Staves
 24756 | Orc:2    | Entered Level 2 of the Orcish Mines
 24857 | Orc:2    | Reached ****** piety under Makhleb
 24886 | Orc:2    | Reached skill level 14 in Fighting
 25063 | Orc:2    | Found Biforch's Assorted Antiques.
 25065 | Orc:2    | Found Hazirch's Jewellery Boutique.
 25066 | Orc:2    | Found Jieducvu's Weapon Shop.
 25070 | Orc:2    | Found Fumuisiw's Assorted Antiques.
 25213 | Orc:2    | Found a staircase to the Elven Halls.
 25254 | Orc:2    | Found a frozen archway.
 25584 | Orc:2    | Bought 2 potions of heal wounds for 330 gold pieces
 25584 | Orc:2    | Bought the +5 consecrated labrys {holy, Valiant Fragile Fly
                  | SInv} for 1316 gold pieces
 25584 | Orc:2    | Found the +5 consecrated labrys {holy, Valiant Fragile Fly
                  | SInv}
 25600 | Orc:2    | Bought an amulet of regeneration for 450 gold pieces
 25805 | Snake:1  | Entered Level 1 of the Snake Pit
 25840 | Snake:1  | Found a transporter.
 25845 | Snake:1  | Noticed Beavis's ghost (adept DsFE)
 26196 | Snake:1  | Found a transporter.
 26928 | Snake:1  | Reached XP level 17. HP: 40/130 MP: 0/0
 26928 | Snake:1  | Learned a level 7 spell: Orb of Destruction
 27110 | Snake:1  | Reached skill level 1 in Axes
 27535 | Snake:2  | Found Iquwiawe's Magic Scroll Shop.
 27535 | Snake:2  | Found Defuiple's Assorted Antiques.
 27538 | Snake:2  | Found Nohirph's Antique Armour Shop.
 27539 | Snake:2  | Found Vuh Etoa's General Store.
 27552 | Snake:2  | Bought a potion of resistance for 280 gold pieces
 27559 | Snake:2  | Bought a helmet for 121 gold pieces
 27902 | Snake:2  | Reached skill level 15 in Fighting
 28921 | Snake:3  | Noticed Vashnia
 28989 | Snake:3  | Killed Vashnia
 29229 | Snake:3  | Reached XP level 18. HP: 131/138 MP: 0/0
 29232 | Snake:3  | Noticed Saint Roka
 29241 | Snake:3  | Noticed Kirke
 29364 | Snake:3  | Killed Kirke
 29381 | Snake:3  | Killed Saint Roka
 29541 | Snake:4  | Entered Level 4 of the Snake Pit
 29542 | Snake:4  | Upgraded the game from 0.30-a0-760-g5a9884bb7c to
                  | 0.30-a0-782-ge64f9170bb
 29755 | Snake:4  | Reached skill level 5 in Axes
 30072 | Snake:4  | Reached skill level 16 in Fighting
 30194 | Snake:4  | Found a glowing golden altar of the Shining One.
 30606 | Snake:4  | Found Sext's Jewellery Emporium.
 31370 | Snake:4  | Reached XP level 19. HP: 129/147 MP: 0/0
 31370 | Snake:4  | Learned a level 7 spell: Haunt
 31420 | Snake:4  | Got a serpentine rune of Zot
 31712 | Vaults:1 | Entered Level 1 of the Vaults
 31713 | Vaults:1 | Upgraded the game from 0.30-a0-782-ge64f9170bb to
                  | 0.30-a0-793-g160f7cfddd
 31804 | Vaults:1 | Paralysed by a sphinx for 2 turns
 32907 | Vaults:2 | Noticed a dread lich
 32913 | Vaults:2 | Killed a dread lich
 33090 | Vaults:2 | Reached skill level 17 in Fighting
 33506 | Vaults:2 | Reached skill level 15 in Dodging
 33840 | Vaults:2 | Noticed Mennas
 33952 | Vaults:2 | HP: 5/222 [Mennas/+5 trishula of holy wrath (18)]
 33955 | Vaults:2 | Slain by Mennas

Illustrated notes

Levels and vault maps discovered:
D:1:      erik_arrival_cave_to_civilisation [erik_arrival_cave_to_hall],
          layout_basic
D:2:      layout_basic, basic_altar, nicolae_figureground_sparkle
D:3:      layout_basic, mainiacjoe_overflow_concentric_impassable, st_stairs_4,
          uniq_grinder
D:4:      layout_basic
D:5:      layout_loops_corners, uniq_blork_the_orc, uniq_crazy_yiuf_cottage
D:6:      layout_basic, minmay_temple_entry_hall, nrook_mini_vaults
D:7:      layout_loops_ring, chequers_temple_overflow_statue_of_worship,
          nicolae_nh_ransacked_shop
D:8:      layout_basic, kennysheep_okawaru_gauntlet, eino_jars, uniq_maggie,
          uniq_psyche
D:9:      layout_stronghold
D:10:     layout_loops_ring, hangedman_abyss_or_decor_stagger
D:11:     layout_rooms, erik_lair_dragon, erik_orc_1, uniq_erica, uniq_sonja
D:12:     layout_basic
D:13:     layout_basic, serial_shops, nicolae_diamond_shop
D:14:     minmay_swirls_squares, layout_basic, david_vaults_2,
          gammafunk_ghost_spectres, nicolae_vehumet_radiance
D:15:     grunt_enter_depths_snipers, layout_basic, minivault_15
Temple:   minmay_temple_bridge_d
Lair:1:   layout_hall_layers, kennysheep_abandoned_house, uniq_nergalle
Lair:2:   layout_roguey, minmay_snake_entry_guardpost_small,
          nzn_sisyphean_effort
Lair:3:   gammafunk_worm_tunnel, layout_chaotic_city, shoals_dummy_entry,
          patterned_corridor
Lair:4:   layout_regular_city, minmay_slime_entry_pillars, beast_lair_carwin_1
Lair:5:   hangedman_lair_in_review, layout_regular_city, lemuel_fruit_fields,
          lemuel_fruit_tree, serial_bayou_shore_a
Snake:1:  kennysheep_snake, layout_grid_maze, gammafunk_ghost_arena
Snake:2:  layout_grid_maze, minmay_shop_grid_forest, grunt_megastairs_5
Snake:3:  layout_grid_shapes, uniq_saint_roka, uniq_kirke, uniq_vashnia
Snake:4:  grunt_snake_rune_pools, layout_cave_town, serial_shops, shop,
          basic_altar, nicolae_snake_salamander_fort
Orc:1:    layout_caves, serial_shops, shop_fountains
Orc:2:    st_orc_open, layout_caves, portal_ice_cave_entry_imps,
          nicolae_orc_crystal_geode
Vaults:1: v_misc_29, v_misc_3, ontoclasm_vaults_ring_square, v_alt_pattern_1,
          ontoclasm_vaults_fault, nicolae_vaults_mini_display_case,
          nicolae_vaults_asterisk, layout_vaults_omnigrid
Vaults:2: vaults_room_hallway, nicolae_vaults_hallways_thing, v_misc_18,
          ontoclasm_vaults_hangar, hangedman_vaults_slither,
          nicolae_vaults_stairing_the_circle, grunt_vaults_hallway_short,
          nicolae_vaults_little_squares_1, ontoclasm_vaults_shout,
          ontoclasm_vaults_eye, hangedman_vaults_nails, v_misc_16,
          v_alt_pattern_2, vaults_dpeg_hooks, layout_vaults_maze, uniq_mennas,
          uniq_margery

Skill      XL: |  1  2  3  4  5  6  7  8  9 10 11 12 13 14 15 16 17 18 19 |
---------------+----------------------------------------------------------+-----
Fighting       | 1 2 4 5 7 8 9 10 11 12 13 14 15 16 17 | 17.3
Spellcasting   | 4 5 6 7 8 9 10 11 12 13 14 | 14.1
Invocations    | 3 4 5 6 7 8 10 11 12 13 | 13.3
Polearms       | 2 3 5 6 |  6.0
Evocations     | 1 3 |  3.2
Throwing       | 1 2 |  2.4
Dodging        | 3 4 6 7 8 10 11 12 13 14 15 | 15.1
Long Blades    | 1 3 5 7 |  7.0
Staves         | 2 4 6 |  6.3
Axes           | 4 6 |  6.8
Armour         | |  0.5
Stealth        | |  1.5

Action                     |  1- 3 |  4- 6 |  7- 9 | 10-12 | 13-15 | 16-18 | 19-21 || total
---------------------------+-------+-------+-------+-------+-------+-------+-------++-------
  Melee: Club              |    10 |       |       |       |       |       |       ||    10
         Mace              |     3 |     6 |     7 |       |       |       |       ||    16
         Trident           |       |       |    12 |   100 |    17 |       |       ||   129
         Scimitar          |       |       |       |       |    39 |       |       ||    39
         Punch             |       |       |       |       |     1 |     2 |       ||     3
         Lajatang          |       |       |       |       |    22 |     7 |       ||    29
         Staff             |       |       |       |       |       |     2 |       ||     2
         Labrys            |       |       |       |       |       |   111 |    16 ||   127
   Cast: Summon Small Mamm |    29 |     6 |    12 |    32 |    94 |    18 |     5 ||   196
         Call Imp          |    22 |     8 |    18 |    23 |    33 |    26 |     7 ||   137
         Call Canine Famil |     7 |     6 |    25 |    34 |    47 |    37 |     8 ||   164
         Summon Guardian G |     1 |     1 |     4 |    26 |    44 |    25 |    14 ||   115
         Shock             |       |    14 |    22 |     9 |    12 |    19 |       ||    76
         Momentum Strike   |       |    13 |    38 |    21 |    10 |     8 |     1 ||    91
         Summon Lightning  |       |       |    27 |    52 |    67 |    53 |    23 ||   222
         Teleport Other    |       |       |     3 |     3 |     3 |       |       ||     9
         Leda's Liquefacti |       |       |     2 |    11 |    14 |     7 |     3 ||    37
         Airstrike         |       |       |       |    82 |    65 |   155 |    89 ||   391
         Summon Forest     |       |       |       |       |    49 |    31 |    12 ||    92
         Iron Shot         |       |       |       |       |    36 |   258 |    96 ||   390
         Orb of Destructio |       |       |       |       |       |     2 |    10 ||    12
         Haunt             |       |       |       |       |       |       |     5 ||     5
 Invoke: Lesser Servant of |       |       |       |     1 |     1 |       |       ||     2
         Greater Servant o |       |       |       |       |       |     2 |       ||     2
  Evoke: Wand              |       |       |       |     1 |    11 |    36 |     3 ||    51
         Condenser vane    |       |       |       |       |     1 |     2 |       ||     3
         Phial of floods   |       |       |       |       |       |     1 |       ||     1
    Use: Scroll            |     1 |     4 |     7 |    13 |    10 |    15 |     2 ||    52
         Potion            |       |       |     3 |     2 |    13 |    12 |     7 ||    37
   Stab: Distracted        |       |       |     1 |     1 |     2 |     5 |       ||     9
         Invisible         |       |       |       |       |     8 |    11 |       ||    19
 Armour: Robe              |     1 |     1 |     8 |     9 |       |       |       ||    19
         Acid dragon scale |       |       |       |     9 |       |     1 |       ||    10
         Leather armour    |       |       |       |     6 |    16 |       |       ||    22
         Skin              |       |       |       |       |     7 |       |       ||     7
         Troll leather arm |       |       |       |       |       |    30 |     7 ||    37
  Dodge: Dodged            |    16 |     9 |    28 |    88 |   160 |   377 |   103 ||   781
  Block: Other             |       |       |       |       |       |    35 |       ||    35
         Reflection        |       |       |       |       |       |     3 |       ||     3

Table legend: (Time is in decaauts)
 A = Elapsed time spent in this place.
 B = Non-inter-level travel time spent in this place.
 C = Inter-level travel time spent in this place.
 D = Time resting spent in this place.
 E = Time spent auto-exploring this place.
 F = Levels seen in this place.
 G = Mean time per level.
                   A        B        C        D        E       F      G
               +--------+--------+--------+--------+--------+-----+--------+
         Total |  33957 |  31772 |   2185 |   1613 |  23963 |  29 | 1170.9 |
       Dungeon |  17695 |  16366 |   1329 |   1080 |  12568 |  15 | 1179.7 |
        Temple |     55 |     33 |     22 |      0 |     20 |   1 |   55.0 |
          Lair |   7035 |   6690 |    345 |     95 |   5529 |   5 | 1407.0 |
     Snake Pit |   5726 |   5337 |    389 |    433 |   3488 |   4 | 1431.5 |
  Orcish Mines |   1195 |   1151 |     44 |      0 |    694 |   2 |  597.5 |
        Vaults |   2249 |   2196 |     53 |      5 |   1662 |   2 | 1124.5 |
               +--------+--------+--------+--------+--------+-----+--------+

Top non-repeatable levels by time:
    D:14: 2443 daAuts
    D:11: 1881 daAuts
  Lair:5: 1818 daAuts
 Snake:4: 1772 daAuts
 Snake:1: 1611 daAuts
  Lair:4: 1575 daAuts
     D:8: 1342 daAuts
  Lair:1: 1339 daAuts
     D:5: 1300 daAuts
     D:2: 1287 daAuts
    D:12: 1253 daAuts
  Lair:2: 1235 daAuts
 Snake:2: 1232 daAuts
Vaults:1: 1200 daAuts
 Snake:3: 1109 daAuts
